 Dungeon Crawl Stone Soup version 0.22-a0 (webtiles) character file.

121670 Firecrotchwizard the Warrior (level 16, -21/149 HPs)
             Began as a Minotaur Fighter on Jan 1, 2018.
             Was the Champion of Makhleb.
             Demolished by an alligator snapping turtle (27 damage)
             ... on level 1 of the Shoals.
             The game lasted 01:08:30 (26801 turns).

Firecrotchwizard the Warrior (Minotaur Fighter)    Turns: 26801, Time: 01:08:30

Health: -21/149    AC: 18    Str: 22    XL:     16   Next: 32%
Magic:  0/24       EV: 22    Int:  5    God:    Makhleb [******]
Gold:   841        SH: 15    Dex: 16    Spells: 15/15 levels left

rFire    + + .     SeeInvis .   W - +12 double sword of Ciuscho {slice, rPois}
rCold    x . .     Gourm    .   c - +1 shield
rNeg     . . .     Faith    .   E - +0 fire dragon scales
rPois    +         Spirit   +   S - +0 hat
rElec    .         Reflect  .   x - scarf {repulsion}
rCorr    .         Harm     .   J - +0 pair of gloves
MR       +....                  Q - +2 pair of boots
Stlth    ..........             U - amulet of guardian spirit {Spirit}
HPRegen  0.34/turn              k - +2 ring of protection
MPRegen  0.19/turn              N - +3 ring of evasion

@: barbed spikes, repel missiles
A: retaliatory headbutt, horns 2
a: Minor Destruction, Lesser Servant of Makhleb, Major Destruction, Greater
Servant of Makhleb, Renounce Religion


You were on level 1 of the Shoals.
You worshipped Makhleb.
Makhleb was exalted by your worship.
You were not hungry.

You visited 4 branches of the dungeon, and saw 24 of its levels.
You also visited: Ice Cave.

You collected 2501 gold pieces.
You spent 1660 gold pieces at shops.

Inventory:

Hand Weapons
 R - a +2 scimitar of holy wrath
   (You found it in an ice cave)
 T - a +4 scimitar of flaming
   (You took it off an efreet on level 13 of the Dungeon)
 W - the +12 double sword of Ciuscho (weapon) {slice, rPois}
   (You bought it in a shop on level 2 of the Orcish Mines)

   It inflicts extra damage upon your enemies.
   It protects you from poison.
Missiles
 l - 2 throwing nets {=f, !d}
 z - 4 curare-tipped needles
Armour
 c - a +1 shield (worn)
 x - a scarf of repulsion (worn)
   (You acquired it on level 7 of the Dungeon)
 y - a +1 chain mail of cold resistance
   (You took it off Edmund on level 5 of the Dungeon)
 E - +0 fire dragon scales (worn)
   (You found it on level 3 of the Lair of Beasts)
 J - a +0 pair of gloves (worn)
   (You bought it in a shop on level 8 of the Dungeon)
 Q - a +2 pair of boots (worn)
   (You bought it in a shop on level 12 of the Dungeon)
 S - a +0 hat (worn)
   (You bought it in a shop on level 12 of the Dungeon)
Jewellery
 k - a +2 ring of protection (left hand)
   (You found it on level 3 of the Dungeon)
 N - a +3 ring of evasion (right hand)
   (You found it on level 4 of the Lair of Beasts)
 U - an amulet of guardian spirit (around neck) {Spirit}
   (You found it on level 6 of the Lair of Beasts)
Wands
 p - a wand of iceblast (19)
   (You found it on level 3 of the Dungeon)
 q - a wand of acid (9)
   (You found it on level 5 of the Dungeon)
 A - a wand of flame (144)
   (You took it off Duvessa on level 6 of the Dungeon)
 D - a wand of disintegration (28) {@e1}
   (You found it on level 5 of the Lair of Beasts)
 G - a wand of digging (25)
   (You found it on level 7 of the Dungeon)
 H - a wand of paralysis (39)
   (You took it off an orc on level 8 of the Dungeon)
 M - a wand of enslavement (34)
   (You found it on level 3 of the Lair of Beasts)
 X - a wand of random effects (29)
   (You found it on level 15 of the Dungeon)
 Y - a wand of polymorph (16)
   (You found it on level 11 of the Dungeon)
Scrolls
 b - 7 scrolls of amnesia
 d - 4 scrolls of magic mapping {!r}
 e - 9 scrolls of remove curse
 g - 5 scrolls of teleportation
 i - 9 scrolls of fog
 m - 3 scrolls of identify
 w - 2 scrolls of fear
 K - a scroll of enchant weapon
 P - a scroll of summoning
Potions
 a - a potion of lignification {unknown}
 h - 8 potions of curing
 j - a potion of flight {unknown}
 n - 3 potions of resistance
 o - 2 potions of haste
 s - 3 potions of agility
 t - 2 potions of berserk rage {!q}
 u - 2 potions of degeneration {@e1!q}
 B - 4 potions of might
 C - 6 potions of brilliance
 F - 2 potions of magic
 I - a potion of ambrosia {unknown}
 L - 3 potions of invisibility {unknown}
 O - 2 potions of mutation {unknown}
Books
 Z - a book of Air
   (You found it on level 15 of the Dungeon)
Miscellaneous
 r - a fan of gales
   (You found it on level 14 of the Dungeon)
 V - a sack of spiders
Comestibles
 f - 31 rations {@e1}


   Skills:
 + Level 15.6 Fighting
 + Level 14.5 Long Blades
 + Level 10.7 Armour
 + Level 14.1 Dodging
 - Level 15.0 Shields
 + Level 12.9 Invocations


You had 15 spell levels left.
You didn't know any spells.

Dungeon Overview and Level Annotations

Branches:
Dungeon (15/15)            Temple (0/1) D:7            Lair (6/6) D:9
 Shoals (1/4) Lair:2       Spider (0/4) Lair:3        Slime (0/5) Lair:6
    Orc (2/2) D:12            Elf (0/3) Orc:2        Vaults (0/5) D:14
 Depths (0/5) D:15

Altars:
Ashenzari
Cheibriados
Elyvilon
Kikubaaqudgha
Makhleb
Sif Muna
Zin
Jiyva

Shops:
D:4 }   D:6 *   D:8 [   D:12 ![   D:13 (   Orc:1 *}   Orc:2 *}**

Annotations:
D:5 1 runed door
D:6 Eustachio
D:7 1 runed door
Lair:4 exclusion: 2 oklob plants


Innate Abilities, Weirdness & Mutations

You reflexively headbutt those who attack you in melee.
You have a pair of horns on your head.


Message History

Your lungs strain for air!
You block the water elemental's attack. The water elemental hits you!
The merfolk hits you from afar with a vampiric trident!
You take 17 damage, and have 95/149 hp.
You now have 15/24 mp.
You completely miss the water elemental.
You headbutt the water elemental!
Your lungs strain for air!
The alligator snapping turtle closely misses you.
You block the water elemental's attack.
You take 5 damage, and have 90/149 hp.
You now have 14/24 mp.
You slash the water elemental!
Your lungs strain for air!
The water elemental completely misses you.
The merfolk hits you from afar with a vampiric trident!
You block the water elemental's attack.
The alligator snapping turtle bites you from afar!!
You take 35 damage, and have 55/149 hp.
MASSIVE DAMAGE!!
You now have 10/24 mp.
You feel much better.
Your lungs strain for air!
You block the water elemental's attack.
The merfolk hits you from afar with a vampiric trident!
The water elemental hits you!
A merfolk comes into view. It is wielding a trident.
You regained 7 hp, and now have 62/149 hp.
You now have 8/24 mp.
The merfolk shouts!
You slice the water elemental!!
You destroy the water elemental!
Makhleb accepts your kill.
You feel better.
Your lungs strain for air!
The alligator snapping turtle bites you from afar!!!
* * * LOW HITPOINT WARNING * * *
The merfolk barely misses you.
You take 28 damage, and have 34/149 hp.
You now have 4/24 mp.
You slice the water elemental like a ripe choko!!!
You destroy the water elemental!
Makhleb accepts your kill.
You feel better.
You gasp with relief as air once again reaches your lungs.
The merfolk throws a throwing net.
The throwing net hits you.
You become entangled in the net!
The alligator snapping turtle bites you from afar!!
* * * LOW HITPOINT WARNING * * *
You take 10 damage, and have 24/149 hp.
You now have 2/24 mp.
That item cannot be evoked!
You struggle against the net.
The merfolk hits you but does no damage.
You tear a large gash into the net.
The alligator snapping turtle bites you from afar!
* * * LOW HITPOINT WARNING * * *
The merfolk barely misses you.
You take 15 damage, and have 9/149 hp.
You now have 1/24 mp.
You feel much better.
The merfolk hits you from afar with a vampiric trident!
* * * LOW HITPOINT WARNING * * *
The alligator snapping turtle bites you but does no damage.
You regained 19 hp, and now have 28/149 hp.
You feel much better.
The merfolk hits you from afar with a trident!
* * * LOW HITPOINT WARNING * * *
The merfolk hits you from afar with a vampiric trident!
* * * LOW HITPOINT WARNING * * *
The alligator snapping turtle bites you from afar!!
* * * LOW HITPOINT WARNING * * *
You take 24 damage, and have 4/149 hp.
You feel much better. The merfolk closely misses you. The merfolk misses you.
The alligator snapping turtle misses you.
You regained 26 hp, and now have 30/149 hp.
You feel much better. The merfolk misses you.
The merfolk hits you from afar with a vampiric trident!
You regained 18 hp, and now have 48/149 hp.
You now have 0/24 mp.
A demon appears!
The alligator snapping turtle closely misses you.
The merfolk hits you but does no damage.
The merfolk closely misses you.
You take 10 damage, and have 38/149 hp.
Aim: an alligator snapping turtle The fireball explodes!
The fireball engulfs the alligator snapping turtle.
The alligator snapping turtle appears unharmed.
The alligator snapping turtle bites you from afar.
* * * LOW HITPOINT WARNING * * *
The merfolk hits you from afar with a trident!
* * * LOW HITPOINT WARNING * * *
The merfolk hits you but does no damage.
You take 22 damage, and have 16/149 hp.
You struggle against the net.
The alligator snapping turtle closely misses you.
The merfolk hits you from afar with a trident.
* * * LOW HITPOINT WARNING * * *
The merfolk hits you from afar with a vampiric trident.
* * * LOW HITPOINT WARNING * * *
You take 10 damage, and have 6/149 hp.
You rip the net and break free!
The alligator snapping turtle bites you from afar!!
You die...

≈≈≈≈≈≈ ...≈....# ≈≈≈≈≈≈
.... ..≈≈≈..# .≈≈≈≈≈
.... ≈≈≈≈≈≈.# .≈≈≈≈≈
......≈.≈≈≈≈# .≈≈≈≈≈
≈≈≈.E ..≈≈≈.# ..≈≈≈≈≈≈
≈≈≈...#m.≈≈.# #.≈≈≈≈≈≈≈
≈≈...m#2≈≈≈≈###..≈≈≈≈≈≈≈
≈≈....)@≈≈≈≈...≈≈≈≈≈≈≈≈≈
≈......†≈≈≈≈≈≈≈≈≈≈≈≈≈≈≈≈
.....t.....≈≈≈≈≈≈≈≈≈≈≈≈≈
......##...≈≈≈≈≈≈≈≈≈≈≈≈≈
.....###.(.≈≈≈≈≈≈≈...≈.≈
..≈≈###...≈≈≈≈≈≈≈.###.P.
..≈≈≈≈...≈≈÷).....# #..P
≈≈≈≈≈≈≈≈≈≈≈≈.##...# ####
≈≈≈≈≈.≈≈≈≈≈.####..###


You could see an alligator snapping turtle, 2 merfolk and a friendly cacodemon.

Vanquished Creatures
  Rupert (Orc:2)
  A fire giant (D:15)
  An ettin (Orc:1)
  A fire dragon (Lair:6)
  4 vault guards (D:14)
  5 hydras
  3 centaur warriors
  A merfolk aquamancer (Shoals:1)
  5 ogre magi
  A deep troll shaman (Lair:6)
  A death yak (Lair:6)
  16 two-headed ogres
  A tengu warrior (D:13)
  2 orc high priests (Orc:1)
  Nergalle (Lair:3)
  2 sea snakes (Shoals:1)
  An unseen horror (D:15)
  A wizard (D:14)
  2 deep trolls (Orc:2)
  11 harpies (Shoals:1)
  5 deep elf magi
  A lindwurm (Lair:6)
  A necromancer (IceCv)
  7 orc knights (Orc:1)
  7 elephants
  A manticore (shapeshifter) (D:15)
  4 manticores
  14 ugly things
  4 cyclopes
  Joseph (Lair:1)
  3 merfolk sirens (Shoals:1)
  Maurice (D:11)
  8 black mambas
  4 torpor snails (Lair:2)
  4 ice statues (IceCv)
  3 gargoyles
  7 spiny frogs
  A kobold demonologist (D:13)
  2 efreet (D:13)
  A tengu conjurer (D:13)
  9 komodo dragons
  14 rime drakes
  9 ice devils (IceCv)
  3 merfolk (Shoals:1)
  18 trolls
  2 jumping spiders (Lair:3)
  A queen bee (Lair:3)
  3 hornets
  Prince Ribbit (D:5)
  A wind drake (Shoals:1)
  A snapping turtle (Lair:2)
  17 blink frogs
  12 slime creatures
  9 hippogriffs
  4 redbacks (Lair:3)
  2 shadows
  A wyvern (D:13)
  2 vampires
  4 water elementals (Shoals:1)
  Sigmund (D:4)
  43 yaks
  The ghost of Alex the Cudgeler, an amateur MiFi (D:3)
  3 basilisks
  2 vampire mosquitoes (D:13)
  3 hungry ghosts
  8 steam dragons
  Edmund (D:5)
  Menkaure (D:4)
  A soldier ant (D:13)
  5 wargs (Orc:1)
  5 water moccasins
  An acid dragon (D:15)
  Duvessa (D:6)
  14 porcupines
  2 phantoms
  27 orc warriors
  7 sky beasts
  An eye of draining (D:13)
  4 ice beasts
  2 black bears
  2 necrophages
  32 ogres
  14 centaurs
  27 wolves
  9 crocodiles
  4 big kobolds
  12 bullfrogs
  A wyvern skeleton (D:7)
  Dowan (D:6)
  8 scorpions
  31 killer bees
  9 wights
  A howler monkey (D:4)
  4 electric eels
  6 crimson imps
  2 bullfrog zombies
  5 draconian simulacra (IceCv)
  2 jellies
  A centaur zombie (D:4)
  21 orc priests
  4 centaur skeletons
  17 hounds
  5 bullfrog skeletons
  5 iguanas
  27 orc wizards
  Natasha (D:4)
  3 troll simulacra (IceCv)
  7 worker ants
  A spriggan simulacrum (IceCv)
  A hound zombie (D:8)
  3 hound skeletons
  A worker ant zombie (D:11)
  Robin (D:2)
  7 gnolls
  9 adders
  A howler monkey skeleton (D:6)
  A naga simulacrum (IceCv)
  5 shadow imps
  An ooze (D:3)
  2 adder zombies
  2 adder skeletons (D:8)
  3 worms
  4 dart slugs
  5 leopard geckos
  87 orcs
  6 bats
  8 giant cockroaches
  13 goblins (D:2)
  9 hobgoblins
  5 jackals
  3 quokkas
  3 ball pythons
  3 frilled lizards
  17 kobolds
  A leopard gecko zombie (D:5)
  7 rats
856 creatures vanquished.

Vanquished Creatures (collateral kills)
  Frances (D:14)
  2 hydras
  2 rime drakes (Lair:6)
  A troll (Orc:2)
  A steam dragon (Lair:6)
  A water moccasin (Lair:5)
  An ogre (Orc:2)
  An orc (Orc:2)
10 creatures vanquished.

Vanquished Creatures (others)
  An unseen horror (D:13)
  An orc knight (Orc:1)
  An orc wizard (Orc:1)
  An orc (Orc:1)
  A bush (Lair:6)
  12 fungi
  10 plants
27 creatures vanquished.

Grand Total: 893 creatures vanquished

Notes
Turn   | Place    | Note
-------+----------+-------------------------------------------
     0 | D:1      | Firecrotchwizard the Minotaur Fighter began the quest for the Orb.
     0 | D:1      | Reached XP level 1. HP: 19/19 MP: 0/0
   130 | D:1      | You fall through a shaft!
   192 | D:2      | Reached XP level 2. HP: 27/27 MP: 1/1
   291 | D:2      | Reached skill level 3 in Long Blades
   566 | D:2      | Reached skill level 1 in Dodging
   592 | D:2      | Noticed a wight
   593 | D:2      | Noticed a wight
   622 | D:3      | Reached skill level 4 in Shields
   622 | D:3      | Reached XP level 3. HP: 30/33 MP: 2/2
   648 | D:3      | Reached skill level 4 in Fighting
   656 | D:3      | Reached skill level 4 in Long Blades
   656 | D:3      | Reached XP level 4. HP: 24/40 MP: 3/3
   887 | D:3      | Reached skill level 2 in Dodging
   903 | D:3      | Noticed Alex's ghost (amateur MiFi)
   967 | D:3      | Killed Alex's ghost
   967 | D:3      | Reached skill level 5 in Long Blades
   967 | D:3      | Reached XP level 5. HP: 43/47 MP: 4/4
   967 | D:3      | Reached XP level 6. HP: 50/55 MP: 5/5
   992 | D:3      | Found a burning altar of Makhleb.
  1009 | D:3      | Became a worshipper of Makhleb the Destroyer
  1683 | D:2      | Reached skill level 5 in Fighting
  1683 | D:2      | Reached skill level 3 in Dodging
  1683 | D:2      | Reached skill level 5 in Shields
  1722 | D:2      | Reached skill level 1 in Invocations
  1732 | D:2      | Reached skill level 6 in Long Blades
  1732 | D:2      | Reached XP level 7. HP: 34/61 MP: 6/6
  2077 | D:2      | Noticed Robin
  2087 | D:2      | Killed Robin
  2092 | D:2      | Reached * piety under Makhleb
  2483 | D:4      | Noticed Sigmund
  2602 | D:4      | Killed Sigmund
  2688 | D:4      | Reached skill level 4 in Dodging
  2688 | D:4      | Reached skill level 2 in Invocations
  2867 | D:4      | Reached skill level 7 in Long Blades
  2925 | D:4      | Reached XP level 8. HP: 70/70 MP: 8/8
  2935 | D:4      | Reached skill level 6 in Shields
  2972 | D:4      | Noticed Menkaure
  2985 | D:4      | Killed Menkaure
  2985 | D:4      | Reached skill level 6 in Fighting
  3341 | D:4      | Found Agethuy's Gadget Emporium.
  3366 | D:4      | Noticed Natasha
  3376 | D:4      | Killed Natasha
  3528 | D:5      | Entered Level 5 of the Dungeon
  3559 | D:5      | Reached ** piety under Makhleb
  3713 | D:5      | Found a runed door.
  3751 | D:5      | Noticed Edmund
  3765 | D:5      | HP: 17/70 [Edmund/dire flail of draining (3)]
  3772 | D:5      | HP: 14/70 [Edmund/dire flail of draining (4)]
  3773 | D:5      | Killed Edmund
  3773 | D:5      | Reached skill level 3 in Invocations
  4142 | D:5      | Reached skill level 8 in Long Blades
  4158 | D:5      | Noticed Prince Ribbit
  4229 | D:5      | Killed Prince Ribbit
  4229 | D:5      | Reached skill level 5 in Dodging
  4615 | D:6      | Noticed Eustachio
  4678 | D:6      | Found Vomy's Serpentskin Sales.
  4681 | D:6      | Reached XP level 9. HP: 78/78 MP: 10/10
  4891 | D:6      | Noticed Dowan
  4918 | D:6      | Reached skill level 7 in Shields
  4931 | D:6      | Killed Dowan
  4931 | D:6      | Reached skill level 7 in Fighting
  4957 | D:6      | Noticed Duvessa
  4971 | D:6      | Killed Duvessa
  5342 | D:7      | Reached skill level 9 in Long Blades
  5369 | D:7      | Reached skill level 4 in Invocations
  5372 | D:7      | Identified a scroll of acquirement
  5522 | D:7      | Found a runed door.
  5542 | D:7      | Found a white marble altar of Elyvilon.
  5542 | D:7      | Noticed an angel
  5597 | D:7      | Reached *** piety under Makhleb
  5743 | D:7      | Found a shattered altar of Ashenzari.
  5752 | D:7      | Found an ancient bone altar of Kikubaaqudgha.
  5793 | D:7      | Found a staircase to the Ecumenical Temple.
  6192 | D:8      | Reached skill level 6 in Dodging
  6315 | D:8      | Found Vigeinafov's Antique Armour Boutique.
  6320 | D:8      | Bought a pair of gloves for 135 gold pieces
  6344 | D:8      | Found a glowing silver altar of Zin.
  6568 | D:8      | Noticed a two-headed ogre
  6575 | D:8      | Killed a two-headed ogre
  6575 | D:8      | Reached skill level 8 in Fighting
  6575 | D:8      | Reached skill level 10 in Long Blades
  6575 | D:8      | Reached skill level 8 in Shields
  6809 | D:9      | Reached XP level 10. HP: 88/88 MP: 12/12
  6847 | D:9      | Reached skill level 5 in Invocations
  6880 | D:9      | Reached **** piety under Makhleb
  7081 | D:9      | Found a staircase to the Lair.
  7082 | D:9      | Noticed a two-headed ogre
  7224 | D:9      | Reached skill level 11 in Long Blades
  7258 | D:9      | Got an encrusted falchion {chaos}
  7259 | D:9      | Identified the cursed +1 falchion of the Neverending Wars {chaos, rN+ Stlth+} (You took it off an orc on level 9 of the Dungeon)
  7502 | D:9      | Reached skill level 7 in Dodging
  7780 | D:9      | Killed a two-headed ogre
  7794 | D:9      | Reached skill level 9 in Shields
  7807 | D:9      | HP: 18/90 [slime creature (15)]
  7808 | D:9      | Reached skill level 9 in Fighting
  7808 | D:9      | Reached skill level 6 in Invocations
  8193 | D:10     | Entered Level 10 of the Dungeon
  8246 | D:10     | Noticed a two-headed ogre
  8253 | D:10     | Killed a two-headed ogre
  8253 | D:10     | Reached XP level 11. HP: 97/97 MP: 14/14
  8264 | D:10     | Reached skill level 12 in Long Blades
  8590 | D:10     | Found a deep blue altar of Sif Muna.
  8678 | D:10     | Reached ***** piety under Makhleb
  8854 | D:10     | Reached skill level 8 in Dodging
  9129 | Lair:1   | Entered Level 1 of the Lair of Beasts
  9565 | Lair:1   | Reached skill level 10 in Shields
  9590 | Lair:1   | HP: 23/99 [black mamba (14)]
  9597 | Lair:1   | Reached skill level 7 in Invocations
  9629 | Lair:1   | HP: 16/99 [komodo dragon (19)]
  9868 | Lair:1   | Noticed Joseph
  9887 | Lair:1   | Killed Joseph
  9887 | Lair:1   | Reached skill level 10 in Fighting
  9887 | Lair:1   | Reached skill level 13 in Long Blades
 10361 | Lair:2   | Noticed a seven-headed hydra
 10371 | Lair:2   | Killed a seven-headed hydra
 10389 | Lair:2   | Reached XP level 12. HP: 68/107 MP: 16/16
 10934 | Lair:2   | Found a staircase to the Shoals.
 11036 | Lair:2   | Noticed a seven-headed hydra
 11044 | Lair:2   | Killed a seven-headed hydra
 11044 | Lair:2   | Reached skill level 9 in Dodging
 11318 | Lair:2   | Found a snail-covered altar of Cheibriados.
 11399 | Lair:2   | Reached skill level 14 in Long Blades
 12074 | Lair:3   | Got an ancient flail
 12111 | Lair:3   | Reached skill level 8 in Invocations
 12185 | Lair:3   | Reached skill level 11 in Shields
 12362 | Lair:3   | Reached skill level 11 in Fighting
 12381 | Lair:3   | Found a hole to the Spider Nest.
 12448 | Lair:3   | Noticed Nergalle
 12461 | Lair:3   | Killed Nergalle
 12602 | Lair:3   | Reached skill level 10 in Dodging
 13082 | Lair:3   | Reached skill level 9 in Invocations
 13379 | Lair:4   | Got a sheer robe
 13425 | Lair:4   | Reached XP level 13. HP: 117/117 MP: 18/18
 13455 | Lair:4   | Reached ****** piety under Makhleb
 13547 | Lair:4   | Reached skill level 12 in Shields
 13595 | Lair:4   | Reached skill level 12 in Fighting
 15384 | Lair:6   | Entered Level 6 of the Lair of Beasts
 15519 | Lair:6   | Found a frozen archway.
 15528 | IceCv    | Entered an ice cave
 15654 | IceCv    | Reached skill level 11 in Dodging
 16710 | IceCv    | Reached skill level 10 in Invocations
 16735 | IceCv    | Got an ancient hand crossbow
 17270 | Lair:6   | Reached skill level 13 in Shields
 17331 | Lair:6   | Reached skill level 4 in Armour
 17555 | Lair:6   | Reached skill level 13 in Fighting
 17627 | Lair:6   | Got a warped scale mail
 17656 | Lair:6   | Found a viscous altar of Jiyva.
 17667 | Lair:6   | Identified the cursed +1 scale mail of the Shrike {-Tele rPois rN+++ Str-4} (You found it on level 6 of the Lair of Beasts)
 17680 | Lair:6   | Found a staircase to the Slime Pits.
 17889 | Lair:6   | Noticed a fire dragon
 17903 | Lair:6   | Killed a fire dragon
 18149 | Lair:6   | Reached XP level 14. HP: 129/129 MP: 20/20
 18758 | Lair:6   | Reached skill level 5 in Armour
 19353 | D:11     | Noticed Maurice
 19365 | D:11     | Killed Maurice
 19408 | D:11     | Reached skill level 12 in Dodging
 20170 | D:12     | Found a staircase to the Orcish Mines.
 20236 | D:12     | Reached skill level 6 in Armour
 20316 | D:12     | Found Foted's Distillery.
 20454 | D:12     | Reached skill level 11 in Invocations
 20801 | D:12     | Found Hyseopu's Armour Shop.
 20804 | D:12     | Bought a +2 pair of boots for 247 gold pieces
 20804 | D:12     | Bought a +0 hat for 60 gold pieces
 21610 | D:13     | Reached skill level 14 in Shields
 21643 | D:13     | Reached skill level 7 in Armour
 22165 | D:13     | Found Iqigen's Antique Weapon Emporium.
 22374 | D:14     | Reached skill level 14 in Fighting
 22387 | D:14     | Noticed Frances
 22396 | D:14     | Killed Frances
 22404 | D:14     | Found a gate to the Vaults.
 22476 | D:14     | Reached XP level 15. HP: 106/138 MP: 10/22
 22594 | D:14     | Got a shadowed robe
 22768 | D:14     | Reached skill level 8 in Armour
 23191 | D:15     | Entered Level 15 of the Dungeon
 23343 | D:15     | Reached skill level 13 in Dodging
 23360 | D:15     | Found a staircase to the Depths.
 23360 | D:15     | Noticed a fire giant
 23388 | D:15     | Killed a fire giant
 23592 | D:15     | Reached skill level 12 in Invocations
 24009 | Orc:1    | Entered Level 1 of the Orcish Mines
 24030 | Orc:1    | Reached skill level 9 in Armour
 24511 | Orc:2    | Entered Level 2 of the Orcish Mines
 24864 | Orc:2    | Found Kyno's Assorted Antiques.
 24877 | Orc:2    | Reached skill level 15 in Shields
 24901 | Orc:2    | Reached skill level 15 in Fighting
 24995 | Orc:2    | Found Esorphuf's Gadget Shoppe.
 25174 | Orc:2    | Found Zat Uffoguith's Assorted Antiques.
 25184 | Orc:2    | Found Wufoschue's General Store.
 25279 | Orc:2    | Bought the +12 double sword of Ciuscho {slice, rPois} for 1218 gold pieces
 25284 | Orc:2    | Found a staircase to the Elven Halls.
 25287 | Orc:2    | Noticed Rupert
 25295 | Orc:2    | Killed Rupert
 25463 | Orc:1    | Reached skill level 10 in Armour
 25519 | Orc:1    | Reached XP level 16. HP: 64/149 MP: 5/24
 25531 | Orc:1    | HP: 30/149 [orc knight/halberd of protection (29)]
 25989 | Orc:1    | Found Cebed's General Store.
 25989 | Orc:1    | Found Coizeiwe's Gadget Shop.
 26435 | Shoals:1 | Entered Level 1 of the Shoals
 26515 | Shoals:1 | Reached skill level 14 in Dodging
 26790 | Shoals:1 | HP: 34/149 [alligator snapping turtle (33)]
 26793 | Shoals:1 | HP: 9/149 [alligator snapping turtle (16)]
 26795 | Shoals:1 | HP: 4/149 [alligator snapping turtle (26)]
 26800 | Shoals:1 | HP: 12/149 [merfolk/trident (4)]
 26801 | Shoals:1 | Demolished by an alligator snapping turtle

Vault maps used:
D:1:      onia_arrival_larder, serial_forest, infiniplex_forest_lined_2,
          infiniplex_forest_pool, infiniplex_forest_clump_double,
          infiniplex_forest_fountain, infiniplex_forest_clump_medium,
          infiniplex_forest_end_3, infiniplex_forest_lined_2
D:2:      minmay_door_path, uniq_robin
D:3:      corexii_leaking_fountain, makhleb_blood_cavern_becter
D:4:      serial_shops, nicolae_shop_temple_entry_statues_fountains,
          uniq_sigmund, uniq_menkaure, uniq_natasha
D:5:      first_ration, uniq_prince_ribbit1, uniq_edmund,
          uniq_crazy_yiuf_cottage
D:6:      guppyfry_shop_venom, uniq_duvessa, uniq_eustachio
D:7:      amethyst_overflow_temple_binary, minmay_temple_entry_large_hall,
          lemuel_angel_altar
D:8:      basic_altar, serial_shops, kennysheep_little_box
D:9:      erik_lair_island
D:10:     basic_altar
D:11:     uniq_maurice
D:12:     david_orc_4, serial_shops, nicolae_shop_behind_doors, shop
D:13:     serial_shops, shop, hangedman_pestilent_swarm
D:14:     lightli_vaults_fourway_checkpoint, minmay_crystal_water, uniq_frances
D:15:     grunt_enter_depths_giant_problem
Lair:1:   uniq_joseph
Lair:2:   minmay_shoals_entry_hut, kennysheep_snail_temple
Lair:3:   spider_nest_entry_a, special_room, uniq_nergalle
Lair:4:   lemuel_fruit_fields, grunt_megastairs_1, minmay_lair_oklob_chamber,
          infiniplex_staircase_pool
Lair:6:   grunt_lair_end_beastmaster, dpeg_slime_entry_enclosed_altar,
          portal_ice_cave_entry_pillars_1, bobbens_dragon_lair_wall,
          grunt_megastairs_2
Shoals:1: serial_shops, nicolae_shop_behind_doors
Orc:1:    guppyfry_orc_lava_fort
Orc:2:    st_orc_open, uniq_rupert
IceCv:    ice_cave_tombish

Skill      XL: |  1  2  3  4  5  6  7  8  9 10 11 12 13 14 15 16 |
---------------+-------------------------------------------------+-----
Long Blades    | 3 4 5 6 7 8 10 11 13 14 | 14.5
Dodging        | 1 2 3 4 5 6 7 8 10 11 12 13 14 | 14.1
Shields        | 4 5 6 8 9 10 11 13 14 15 | 15.0
Fighting       | 4 5 6 8 9 10 11 13 14 15 | 15.6
Invocations    | 1 2 3 4 6 7 9 10 11 12 | 12.9
Armour         | 4 7 10 | 10.7

Action                   |  1- 3 |  4- 6 |  7- 9 | 10-12 | 13-15 | 16-18 || total
-------------------------+-------+-------+-------+-------+-------+-------++-------
Melee: Long sword        |    60 |    91 |       |   579 |   997 |       ||  1727
       Headbutt          |    11 |    20 |    69 |   201 |   497 |    34 ||   832
       Scimitar          |       |       |   379 |   198 |   660 |       ||  1237
       Falchion          |       |       |       |    16 |       |       ||    16
       Double sword      |       |       |       |       |    57 |   143 ||   200
Invok: Minor Destruction |       |       |     2 |    14 |     2 |       ||    18
       Lesser Servant of |       |       |       |       |    11 |       ||    11
       Major Destruction |       |       |       |       |       |     1 ||     1
       Greater Servant o |       |       |       |       |       |     1 ||     1
Evoke: Wand              |       |       |     4 |     9 |     5 |       ||    18
  Use: Scroll            |       |     1 |    11 |    12 |    14 |       ||    38
       Potion            |       |     1 |     1 |     1 |     2 |     5 ||    10
 Stab: Paralysed         |       |       |       |     6 |       |       ||     6
       Distracted        |       |       |       |       |     3 |       ||     3
  Eat: Chunk             |       |     2 |     7 |    16 |    16 |       ||    41
       Ration            |       |     1 |     2 |     2 |     8 |     1 ||    14
Armor: Scale mail        |    24 |    27 |    18 |       |       |       ||    69
       Chain mail        |       |       |    97 |   102 |   145 |       ||   344
       Fire dragon scale |       |       |       |    24 |   206 |    42 ||   272
Dodge: Dodged            |    28 |    27 |   109 |   287 |   977 |   128 ||  1556
       Deflected         |       |       |     1 |     5 |    41 |     1 ||    48
Block: Shield            |    37 |    58 |   169 |   428 |  1228 |   164 ||  2084
       Rpst.: Long sword |     8 |    10 |       |    59 |    92 |       ||   169
       Scimitar          |       |       |    34 |    14 |   105 |       ||   153
       Double sword      |       |       |       |       |     8 |    19 ||    27

Table legend:
 A = Spawn XP
 B = Non-spawn XP
 C = Spawn XP percentage of total XP
 D = Spawn monster count
 E = Non-spawn monster count
 F = Spawn count percentage of total count
 G = Total turns spent on level
                    A         B        C        D         E        F      G
               +---------+---------+-------+---------+---------+-------+---------
         Total |       0 |  173815 |   0.0 |       0 |     868 |   0.0 | 26801
               +---------+---------+-------+---------+---------+-------+---------
           D:1 |       0 |       5 |   0.0 |       0 |       4 |   0.0 |   130
           D:2 |       0 |     377 |   0.0 |       0 |      44 |   0.0 |  1094
           D:3 |       0 |     437 |   0.0 |       0 |      29 |   0.0 |  1146
           D:4 |       0 |     897 |   0.0 |       0 |      21 |   0.0 |  1158
           D:5 |       0 |     848 |   0.0 |       0 |      15 |   0.0 |   936
           D:6 |       0 |     539 |   0.0 |       0 |      15 |   0.0 |   840
           D:7 |       0 |     760 |   0.0 |       0 |      22 |   0.0 |   637
           D:8 |       0 |    1626 |   0.0 |       0 |      19 |   0.0 |   924
           D:9 |       0 |    4663 |   0.0 |       0 |      37 |   0.0 |  1404
          D:10 |       0 |    4762 |   0.0 |       0 |      40 |   0.0 |  1026
          D:11 |       0 |    6192 |   0.0 |       0 |      34 |   0.0 |   808
          D:12 |       0 |    7113 |   0.0 |       0 |      58 |   0.0 |  1046
          D:13 |       0 |   10458 |   0.0 |       0 |      66 |   0.0 |  1444
          D:14 |       0 |   16376 |   0.0 |       0 |      33 |   0.0 |   856
          D:15 |       0 |   16049 |   0.0 |       0 |      36 |   0.0 |   747
        Lair:1 |       0 |    3289 |   0.0 |       0 |      10 |   0.0 |  1218
        Lair:2 |       0 |    8454 |   0.0 |       0 |      30 |   0.0 |  1681
        Lair:3 |       0 |   10262 |   0.0 |       0 |      61 |   0.0 |  1296
        Lair:4 |       0 |    6588 |   0.0 |       0 |      26 |   0.0 |  1263
        Lair:5 |       0 |    4967 |   0.0 |       0 |      22 |   0.0 |  1246
        Lair:6 |       0 |   15721 |   0.0 |       0 |      54 |   0.0 |  1966
      Shoals:1 |       0 |   13572 |   0.0 |       0 |      27 |   0.0 |   366
         Orc:1 |       0 |   14273 |   0.0 |       0 |      77 |   0.0 |  1045
         Orc:2 |       0 |   19832 |   0.0 |       0 |      64 |   0.0 |  1235
         IceCv |       0 |    5755 |   0.0 |       0 |      24 |   0.0 |  1289
               +---------+---------+-------+---------+---------+-------+---------

Vault maps used:
D:1:      onia_arrival_larder, serial_forest, infiniplex_forest_lined_2,
          infiniplex_forest_pool, infiniplex_forest_clump_double,
          infiniplex_forest_fountain, infiniplex_forest_clump_medium,
          infiniplex_forest_end_3, infiniplex_forest_lined_2
D:2:      minmay_door_path, uniq_robin
D:3:      corexii_leaking_fountain, makhleb_blood_cavern_becter
D:4:      serial_shops, nicolae_shop_temple_entry_statues_fountains,
          uniq_sigmund, uniq_menkaure, uniq_natasha
D:5:      first_ration, uniq_prince_ribbit1, uniq_edmund,
          uniq_crazy_yiuf_cottage
D:6:      guppyfry_shop_venom, uniq_duvessa, uniq_eustachio
D:7:      amethyst_overflow_temple_binary, minmay_temple_entry_large_hall,
          lemuel_angel_altar
D:8:      basic_altar, serial_shops, kennysheep_little_box
D:9:      erik_lair_island
D:10:     basic_altar
D:11:     uniq_maurice
D:12:     david_orc_4, serial_shops, nicolae_shop_behind_doors, shop
D:13:     serial_shops, shop, hangedman_pestilent_swarm
D:14:     lightli_vaults_fourway_checkpoint, minmay_crystal_water, uniq_frances
D:15:     grunt_enter_depths_giant_problem
Lair:1:   uniq_joseph
Lair:2:   minmay_shoals_entry_hut, kennysheep_snail_temple
Lair:3:   spider_nest_entry_a, special_room, uniq_nergalle
Lair:4:   lemuel_fruit_fields, grunt_megastairs_1, minmay_lair_oklob_chamber,
          infiniplex_staircase_pool
Lair:6:   grunt_lair_end_beastmaster, dpeg_slime_entry_enclosed_altar,
          portal_ice_cave_entry_pillars_1, bobbens_dragon_lair_wall,
          grunt_megastairs_2
Shoals:1: serial_shops, nicolae_shop_behind_doors
Orc:1:    guppyfry_orc_lava_fort
Orc:2:    st_orc_open, uniq_rupert
IceCv:    ice_cave_tombish

Table legend:
 A = Turns spent in this place as a percentage of turns spent in the entire game.
 B = Non-inter-level travel turns spent in this place as a percentage of non-inter-level travel turns spent in the entire game.
 C = Inter-level travel turns spent in this place as a percentage of turns spent in this place.
 D = Turns resting spent in this place as a percentage of non-inter-level travel turns spent in this place.
 E = Turns spent auto-exploring this place as a percentage of non-inter-level travel turns spent in this place.
 F = Non-inter-level travel turns spent in this place divided by the number of levels of this place that you've seen.
                   A       B       C       D       E      F
               +-------+-------+-------+-------+-------+----------------------
         Total | 100.0 | 100.0 |   5.4 |  26.5 |  50.3 | 1014.2
       Dungeon |  53.0 |  52.8 |   5.8 |  19.6 |  56.3 | 891.9
          Lair |  32.3 |  32.2 |   5.7 |  28.5 |  50.9 | 1362.7
        Shoals |   1.4 |   1.4 |   0.0 |  18.0 |  42.3 | 366.0
  Orcish Mines |   8.5 |   8.5 |   5.9 |  40.3 |  38.0 | 1072.5
      Ice Cave |   4.8 |   5.1 |   0.0 |  64.8 |   7.8 | 1289.0
               +-------+-------+-------+-------+-------+----------------------

Table legend:
 A = Kills in this place as a percentage of kills in entire the game.
 B = Kills by you in this place as a percentage of kills by you in the entire game.
 C = Kills by friends in this place as a percentage of kills by friends in the entire game.
 D = Other kills in this place as a percentage of other kills in the entire game.
 E = Experience gained in this place as a percentage of experience gained in the entire game.
 F = Experience gained in this place divided by the number of levels of this place that you have seen.
                   A       B       C       D       E      F
               +-------+-------+-------+-------+-------+----------------------
         Total | 100.0 | 100.0 | 100.0 | 100.0 | 100.0 | 6952.6
       Dungeon |  54.5 |  55.0 |  10.0 |  50.0 |  40.9 | 4740.1
          Lair |  23.4 |  23.0 |  60.0 |   0.0 |  28.4 | 8213.5
        Shoals |   3.1 |   3.2 |   0.0 |   0.0 |   7.8 | 13572.0
  Orcish Mines |  16.2 |  16.0 |  30.0 |  50.0 |  19.6 | 17052.5
      Ice Cave |   2.8 |   2.8 |   0.0 |   0.0 |   3.3 | 5755.0
               +-------+-------+-------+-------+-------+----------------------
